Map: Alcyone LE

Players

Harstem

  • Race: Protoss Protoss
  • League: Master
  • Spawn Location: 1:00

DieMauer (ShoWTimE) - Winner!

  • Race: Protoss Protoss
  • League: Grandmaster
  • Spawn Location: 7:00

Event: Bellum Gens Elite Stara Zagora 2024

VOD

Have the link to the VOD?

Description

Time

  • Played on: Sept. 5, 2024, 9:33 a.m.
  • Length: 11:01

All games in this series

Show
View Real Time Build Order
Export as new Build Order

Harstem Protoss 

Build Orders: Archon Immortal, Blink Stalkers 

Get SALT Encoding   

  12  0:00  Probe  
  13  0:12  Probe  
  14  0:17  Pylon  
  14  0:24  Probe (Chrono Boost)  
  15  0:36  Probe (Chrono Boost)  
  15  0:37  Gateway  
  16  0:45  Probe (Chrono Boost)  
  16  0:46  Assimilator  
  17  0:51  Probe  
  17  0:54  Assimilator  
  18  1:03  Probe (Chrono Boost)  
  19  1:07  Gateway  
  20  1:12  Probe (Chrono Boost)  
  20  1:17  Probe (Chrono Boost)  
  20  1:23  Cybernetics Core  
  21  1:29  Probe  
  22  1:33  Pylon  
  22  1:42  Probe  
  23  1:54  Probe  
  24  1:57  Warp Gate (Chrono Boost)  
  24  2:00  Shield Battery  
  24  2:01  Sentry  
  26  2:16  Nexus  
  26  2:19  Sentry  
  28  2:26  Pylon  
  28  2:28  Probe  
  29  2:34  Sentry  
  31  2:44  Probe  
  31  2:46  Shield Battery  
  31  2:56  Probe  
  31  2:58  Robotics Facility  
  32  3:04  Stalker  
  34  3:08  Probe  
  35  3:20  Probe (Chrono Boost)  
  36  3:27  Twilight Council  
  36  3:29  Probe (Chrono Boost)  
  36  3:33  Probe (Chrono Boost)  
  38  3:38  Probe (Chrono Boost)  
  38  3:39  Probe (Chrono Boost)  
  38  3:41  Stalker  
  42  3:42  Stalker  
  42  3:43  Probe (Chrono Boost)  
  42  3:47  Probe  
  46  3:55  Probe  
  46  3:58  Blink (Chrono Boost)  
  46  3:59  Probe  
  46  4:06  Stalker  
  46  4:07  Probe  
  49  4:11  Probe  
  49  4:13  Stalker  
  49  4:15  Pylon  
  52  4:20  Probe  
  52  4:23  Probe  
  54  4:24  Pylon  
  54  4:31  Gateway  
  54  4:33  Probe  
  54  4:35  Probe  
  54  4:37  Stalker x2  
  60  4:43  Assimilator  
  60  4:47  Probe  
  60  4:49  Probe  
  62  4:59  Probe  
  63  5:01  Stalker x2  
  63  5:03  Probe  
  68  5:07  Pylon  
  69  5:15  Probe, Pylon  
  69  5:25  Nexus  
  69  5:30  Stalker x3  
  69  5:32  Probe  
  69  5:33  Probe  
  77  5:43  Pylon  
  77  5:44  Probe  
  77  5:47  Phoenix  
  77  5:49  Probe  
  79  5:51  Forge  
  80  6:00  Probe (Chrono Boost)  
  80  6:01  Probe (Chrono Boost)  
  81  6:06  Charge  
  81  6:07  Gateway  
  81  6:10  Probe (Chrono Boost)  
  81  6:11  Robotics Facility  
  83  6:12  Probe (Chrono Boost)  
  83  6:15  Probe (Chrono Boost)  
  83  6:16  Phoenix  
  84  6:19  Pylon  
  84  6:20  Protoss Ground Weapons Level 1 (Chrono Boost), Probe  
  84  6:22  Shield Battery  
  85  6:27  Probe (Chrono Boost)  
  85  6:31  Assimilator  
  87  6:33  Gateway, Probe (Chrono Boost)  
  87  6:37  Gateway  
  87  6:38  Probe (Chrono Boost)  
  87  6:39  Probe (Chrono Boost)  
  88  6:45  Probe (Chrono Boost)  
  90  6:48  Probe x2 (Chrono Boost)  
  90  6:50  Probe (Chrono Boost)  
  90  6:53  Probe x2 (Chrono Boost)  
  90  6:54  Pylon  
  92  6:59  Probe  
  95  7:04  Pylon x2  
  97  7:10  Gateway  
  97  7:11  Gateway  
  97  7:12  Immortal  
  97  7:13  Gateway, Phoenix  
  99  7:23  Nexus  
  99  7:24  Templar Archives  
  99  7:26  Pylon  
  98  7:33  Probe  
  99  7:37  Gateway  
  99  7:40  Zealot x5  
  109  7:44  Phoenix  
  109  7:45  Pylon  
  109  7:46  Probe x2  
  109  7:47  Assimilator  
  109  7:49  Probe  
  112  7:52  Immortal (Chrono Boost)  
  112  7:54  Shield Battery  
  116  8:02  High Templar x2  
  116  8:03  High Templar x2  
  124  8:06  Shield Battery  
  124  8:08  Archon x2  
  124  8:12  Zealot x4  
  132  8:13  Zealot  
  134  8:25  Immortal  
  138  8:34  High Templar x2  
  132  8:35  Zealot x6  
  132  8:39  Archon  
  145  8:43  Probe  
  145  8:44  Zealot x2  
  126  8:57  Zealot x6  
  122  9:05  Zealot x2  
  117  9:15  Zealot x2  
  105  9:19  High Templar x2  
  105  9:20  High Templar x2  
  105  9:21  Zealot x2  
  105  9:23  Archon  
  107  9:24  Archon  
  107  9:25  Zealot x2  
  106  9:34  Probe  
  105  9:39  High Templar x2  
  105  9:43  Assimilator, Archon  
  105  9:45  Shield Battery, Probe  
  110  9:46  Immortal (Chrono Boost)  
  110  9:49  Probe  
  110  9:51  Photon Cannon  
  115  9:52  Pylon  
  115  9:53  Zealot x2  
  115  9:54  Zealot  
  115  9:59  Shield Battery  
  111  10:07  High Templar x2  
  111  10:08  Zealot x3  
  111  10:12  Archon, Photon Cannon  
  111  10:13  Pylon  
  119  10:20  Zealot x3  
  101  10:21  Probe  
  101  10:22  Probe  
  101  10:23  Probe  
  101  10:27  Zealot x2  
Show
View Real Time Build Order
Export as new Build Order

DieMauer Protoss - Winner!

Build Orders: Oracle Opening, Zealot Archon 

Get SALT Encoding   

  12  0:00  Probe  
  13  0:12  Probe  
  14  0:17  Pylon  
  14  0:24  Probe (Chrono Boost)  
  16  0:35  Gateway  
  16  0:36  Probe (Chrono Boost)  
  16  0:43  Probe (Chrono Boost)  
  16  0:46  Assimilator  
  17  0:50  Probe  
  18  1:03  Probe (Chrono Boost)  
  19  1:04  Assimilator  
  19  1:13  Gateway, Probe (Chrono Boost)  
  19  1:18  Probe (Chrono Boost)  
  20  1:23  Cybernetics Core  
  21  1:29  Probe  
  22  1:33  Pylon  
  22  1:41  Probe  
  23  1:53  Probe  
  24  1:59  Stalker  
  24  2:00  Warp Gate  
  28  2:05  Probe  
  29  2:15  Pylon  
  29  2:21  Stargate  
  29  2:36  Nexus  
  27  2:39  Probe  
  28  2:51  Probe  
  28  2:52  Stalker  
  31  3:02  Oracle (Chrono Boost)  
  31  3:03  Probe  
  35  3:09  Pylon  
  35  3:16  Probe  
  36  3:28  Probe  
  36  3:29  Oracle (Chrono Boost)  
  40  3:37  Robotics Facility  
  40  3:40  Probe (Chrono Boost)  
  42  3:48  Probe (Chrono Boost)  
  42  3:51  Shield Battery  
  43  3:58  Probe (Chrono Boost)  
  43  3:59  Probe (Chrono Boost)  
  44  4:04  Probe (Chrono Boost)  
  44  4:05  Probe (Chrono Boost)  
  44  4:06  Sentry  
  48  4:14  Probe  
  48  4:16  Probe  
  50  4:18  Assimilator  
  50  4:24  Observer (Chrono Boost)  
  51  4:26  Pylon  
  51  4:27  Probe  
  51  4:29  Nexus  
  51  4:31  Probe  
  53  4:39  Immortal (Chrono Boost)  
  53  4:41  Probe  
  53  4:43  Probe  
  59  4:48  Sentry  
  59  4:52  Shield Battery  
  61  4:53  Probe  
  61  4:55  Probe  
  61  4:59  Pylon  
  63  5:02  Stalker  
  63  5:05  Probe  
  66  5:07  Probe  
  67  5:16  Immortal (Chrono Boost)  
  67  5:17  Probe, Pylon  
  67  5:19  Probe  
  73  5:23  Twilight Council  
  73  5:30  Stalker x2  
  73  5:32  Probe  
  78  5:37  Probe  
  79  5:43  Phoenix  
  79  5:44  Gateway  
  79  5:45  Probe  
  79  5:48  Probe  
  82  5:50  Probe  
  82  5:52  Immortal (Chrono Boost)  
  86  5:57  Probe  
  86  6:00  Probe  
  86  6:02  Probe  
  86  6:03  Charge (Chrono Boost)  
  89  6:05  Forge  
  89  6:09  Probe, Pylon  
  90  6:12  Probe  
  90  6:14  Probe  
  90  6:18  Gateway  
  92  6:19  Gateway  
  92  6:23  Phoenix  
  92  6:25  Gateway  
  92  6:29  Gateway  
  92  6:32  Gateway  
  92  6:33  Protoss Ground Weapons Level 1 (Chrono Boost)  
  92  6:37  Warp Prism (Chrono Boost)  
  92  6:42  Templar Archives  
  94  6:47  Zealot x3  
  94  6:54  Nexus  
  100  6:56  Pylon  
  100  6:59  Assimilator  
  100  7:00  Pylon, Probe x2  
  102  7:02  Probe  
  103  7:11  Pylon  
  103  7:13  Zealot x2, Pylon  
  103  7:14  Zealot x2  
  111  7:22  High Templar x2  
  113  7:23  Zealot  
  113  7:28  Archon  
  114  7:32  Zealot  
  116  7:39  Gateway  
  116  7:41  Gateway  
  116  7:42  Pylon  
  116  7:43  Zealot x3, High Templar x2  
  126  7:45  Shield Battery, Probe x3  
  126  7:47  Archon  
  129  7:53  Pylon  
  129  7:56  Zealot x3  
  129  7:58  Pylon  
  135  8:01  Probe x2  
  135  8:02  Probe  
  138  8:06  Protoss Ground Weapons Level 2 (Chrono Boost)  
  138  8:07  Observer, Pylon  
  138  8:11  Pylon  
  139  8:13  Gateway  
  139  8:16  Zealot  
  139  8:17  Zealot x2  
  145  8:22  Zealot x2  
  145  8:25  Zealot x2  
  153  8:32  Zealot x2  
  145  8:35  Zealot  
  138  8:44  Zealot x3  
  138  8:47  Zealot  
  138  8:48  Zealot x3  
  138  8:53  Zealot x2  
  120  9:03  Zealot  
  110  9:10  Zealot x6  
  110  9:11  Zealot  
  110  9:14  Zealot x2  
  113  9:24  Observer  
  113  9:30  High Templar x2  
  113  9:31  High Templar x4  
  125  9:33  Zealot x3  
  125  9:34  Archon  
  125  9:35  Zealot x2, Archon x2  
  125  9:37  Probe  
  125  9:38  Probe x2  
  134  9:39  Gateway  
  134  9:40  Observer  
  134  9:45  Photon Cannon  
  135  9:56  Zealot x5  
  135  9:59  Zealot  
  139  10:03  Zealot x5  
  147  10:18  Zealot x6  
  137  10:24  Zealot x4  
Tags
 
Add a new tag
Caveats
  • Supply blocks, unpowered buildings, or Contaminate may cause inaccurate times.
  • Supply counts are checked every 10 seconds.